 Dungeon Crawl Stone Soup version 0.13.1 (webtiles) character file.

260 Paddington the Cudgeler (level 5, 0/40 HPs)
             Began as a Mummy Gladiator on Nov 30, 2013.
             Slain by teukkam's ghost (7 damage)
             ... on Level 3 of the Dungeon.
             The game lasted 00:07:43 (3520 turns).

Paddington the Cudgeler (Mummy Gladiator)           Turns: 3520, Time: 00:07:44

HP   0/40        AC  4     Str 18      XL: 5   Next: 22%
MP   4/4         EV 11     Int  8      God:
Gold 95          SH  0     Dex 12      Spells:  0 memorised,  4 levels left

Res.Fire  : x . .   See Invis. : .   a - +0 mace
Res.Cold  : + . .   Warding    : .   b - +0 leather armour
Life Prot.: + + +   Conserve   : .   (no shield)
Res.Poison: +       Res.Corr.  : .   o - +0 helmet
Res.Elec. : .       Clarity    : .   (no cloak)
Sust.Abil.: . .     Spirit.Shd : .   (no gloves)
Res.Mut.  : .       Stasis     : .   (no boots)
Res.Rott. : +       Flight     : .   (no amulet)
Saprovore : . . .                    (no ring)
                                     l - ring of protection from magic {unknown}

@: quite resistant to hostile enchantments, very unstealthy
A: no food or potions, fire vulnerability, restore body, cold resistance 1, life
protection 3, poison resistance, torment resistance, unbreathing
a: no special abilities


You were on level 3 of the Dungeon.
You were not hungry.

You visited 1 branch of the dungeon, and saw 3 of its levels.

You collected 75 gold pieces.

Inventory:

Hand weapons
 a - a +0,+0 mace (weapon)
 h - a +0,+0 spear
 k - a +0,+2 short sword of protection
Missiles
 f - 12 darts (quivered)
 g - 5 needles of sleeping
 i - a throwing net [torn]
 m - a throwing net [frayed]
 q - a throwing net [torn]
 r - a throwing net [torn]
Armour
 b - a +0 leather armour (worn)
 c - a +0 helmet
 e - a +0 visored helmet
 o - a +0 helmet (worn)
Scrolls
 j - 3 scrolls of remove curse {unknown}
 n - a scroll of random uselessness
 p - a scroll of enchant weapon I {unknown}
 s - a scroll of identify
Jewellery
 l - a ring of protection from magic (left hand) {unknown}


   Skills:
 - Level 2.0 Fighting
 + Level 4.9 Maces & Flails
 - Level 1.5 Throwing
 - Level 2.4 Dodging


You had 4 spell levels left.
You didn't know any spells.

Dungeon Overview and Level Annotations

Branches:
Dungeon (3/27)

Altars:

Annotations:
D:3 teukkam's ghost, average OpAE


Innate Abilities, Weirdness & Mutations

You do not eat or drink.
Your flesh is vulnerable to fire.
Your flesh is cold resistant.
You are immune to negative energy.
Your system is resistant to poisons.
You are immune to unholy pain and torment.
You can survive without breathing.


Message History

Unknown command.
You barely miss the adder.
The adder is heavily wounded.
The adder barely misses you.
Unknown command.
You hit the adder.
The adder is severely wounded.
The adder barely misses you. Teukkam's ghost barely misses you.
Unknown command.
You closely miss the adder.
The adder is severely wounded.
The adder closely misses you. Teukkam's ghost hits you.
* * * LOW HITPOINT WARNING * * *
The adder barely misses you.
Unknown command.
Unknown command.
You closely miss the adder.
The adder is severely wounded.
Teukkam's ghost hits you!
You die...

..######.#' . #.# #.#. ..
#.+ #.## #. ########.+ #.##
####.####........# #.#.
...[....##........######.#.
#!.....<.##...............#.
#........##........%+...###.
......(...S@........###...'.
..........(#.p.......#
#####. #......((##.........#
#. #........##.........# #.
#........##.........# #.
#..########.........# #. ..
#.........# #. #.
########'## ## #. #..# #.


You could see teukkam's ghost and an adder.

Vanquished Creatures
  7 adders
  A giant mite (D:2)
  5 worms
  3 giant geckos (D:2)
  3 orcs (D:3)
  7 bats
  2 giant cockroaches (D:2)
  6 goblins
  7 hobgoblins
  6 jackals (D:2)
  A ball python (D:2)
  A giant newt (D:1)
  8 kobolds
  5 rats
62 creatures vanquished.

Notes
Turn   | Place    | Note
--------------------------------------------------------------
     0 | D:1      | Paddington, the Mummy Gladiator, began the quest for the Orb.
     0 | D:1      | Reached XP level 1. HP: 17/17 MP: 0/0
   343 | D:1      | Reached XP level 2. HP: 23/23 MP: 1/1
   461 | D:1      | You fall through a shaft!
   467 | D:2      | Reached skill level 3 in Maces & Flails
   605 | D:2      | Reached XP level 3. HP: 25/28 MP: 2/2
  1314 | D:2      | Reached skill level 4 in Maces & Flails
  1660 | D:2      | Reached XP level 4. HP: 27/35 MP: 3/3
  2328 | D:3      | Noticed teukkam's ghost (average OpAE)
  2885 | D:3      | Reached XP level 5. HP: 36/40 MP: 4/4
  3520 | D:3      | Slain by teukkam's ghost

Action                   |  1- 3 |  4- 6 || total
-------------------------+-------+-------++-------
Melee: Mace              |    96 |   197 ||   293
Throw: Dart              |    28 |    10 ||    38
       Spear             |     1 |       ||     1
       Throwing net      |     5 |     8 ||    13
  Use: Scroll            |     5 |     1 ||     6
 Stab: Held in net/web   |     3 |     3 ||     6
       Sleeping          |       |     1 ||     1
